 Dungeon Crawl Stone Soup version 0.28-a0-724-g66f9036eb4 (webtiles) character file.

Game seed: 9904869162927071909

100 AarnesTheHuman the Shield-Bearer (level 5, 0/42 HPs)
             Began as a Formicid Fighter on Oct 27, 2021.
             Slain by a killer bee (3 damage)
             ... on level 5 of the Dungeon.
             The game lasted 00:04:11 (2053 turns).

AarnesTheHuman the Shield-Bearer (Formicid Fighter) Turns: 2053, Time: 00:04:11

Health: 0/42       AC:  7    Str: 22    XL:     5   Next: 3%
Magic:  0/5        EV: 13    Int:  7    God:
Gold:   75         SH:  4    Dex: 10    Spells: 4/4 levels left

rFire   . . .      SeeInvis +   a - +0 long sword
rCold   . . .      Faith    .   c - +0 buckler
rNeg    . . .      Spirit   +   b - +0 scale mail
rPois   .          Reflect  .   (helmet unavailable)
rElec   .          Harm     .   k - scarf {repulsion}
rCorr   .          Rampage  .   (no gloves)
Will    .....                   (no boots)
Stlth   ..........              g - amulet of guardian spirit
HPRegen 0.14/turn               q - +4 ring of evasion
MPRegen 0.09/turn               (no ring)

@: lethally poisoned (0 -> -15), repel missiles
A: permanent stasis, dig shafts and tunnels, antennae 3, four strong arms
a: Dig, Shaft Self


You were on level 5 of the Dungeon.
You visited 1 branch of the dungeon, and saw 4 of its levels.

You collected 75 gold pieces.

Inventory:

Hand Weapons
 a - a +0 long sword (weapon)
 h - a +2 spear of venom
 j - a +0 dagger of draining
 p - a +0 vampiric whip
Missiles
 n - 25 poisoned darts
Armour
 b - a +0 scale mail (worn)
 c - a +0 buckler (worn)
 e - a +0 tower shield
 f - a +0 cloak
 k - a scarf of repulsion (worn)
Jewellery
 g - an amulet of guardian spirit (around neck)
 q - a +4 ring of evasion (left hand)
Scrolls
 i - 2 scrolls of magic mapping {unknown}
 m - a scroll of amnesia {unknown}
 o - a scroll of noise {unknown}
 r - a scroll of brand weapon {unknown}
Potions
 d - a potion of might
 l - a potion of brilliance {unknown}
 s - a potion of haste {unknown}


   Skills:
 + Level 4.1 Fighting
 + Level 2.8 Long Blades
 + Level 4.1 Armour
 + Level 4.4 Shields


You had 4 spell levels left.
You didn't know any spells.
Your spell library was empty.

Dungeon Overview and Level Annotations

Branches:
Dungeon (3/15)

Altars:
Fedhas
Gozag

Annotations:
D:2 1 runed translucent door, Crazy Yiuf


Innate Abilities, Weirdness & Mutations

You cannot be hasted, slowed, berserked, paralysed or teleported.
You can dig through walls and to a lower floor.
You have a pair of large antennae on your head. (SInv)
Your four strong arms can wield two-handed weapons with a shield.


Message History

No target in view!
Found 8 arrows.
You see here a frilled lizard corpse.
Found a dagger and 28 stones.
You fall into a shaft and drop 2 floors!
The shaft crumbles and collapses.
Found a purple potion.
Found 17 gold pieces.
Found a helmet.
s - a purple potion You now have 75 gold pieces (gained 17).
You see here a +0 helmet.
A killer bee comes into view.
The killer bee buzzes angrily.
A killer bee comes into view.
You barely miss the killer bee. You block the killer bee's attack.
The killer bee closely misses you.
You miss the killer bee. The killer bee stings you.
You block the killer bee's attack.
The killer bee stings you but does no damage.
You barely miss the killer bee. The killer bee stings you.
You are poisoned.
The killer bee poisons you! The killer bee stings you.
You are more poisoned.
The killer bee poisons you!
You miss the killer bee.
You feel very sick. The killer bee stings you! The killer bee stings you.
You are lethally poisoned!
The killer bee poisons you! The killer bee stings you.
You miss the killer bee.
* * * LOW HITPOINT WARNING * * *
You feel extremely sick. You block the killer bee's attack.
The killer bee stings you but does no damage.
You closely miss the killer bee.
* * * LOW HITPOINT WARNING * * *
You feel very sick. The killer bee stings you.
You die...

#.#.# #.#.# #### #.#.#
...# #.#.# #
P♣.#############.#.##.#.#
.♣.......................
≈♣♣..[..............y..y.
♣♣♣######...####y#....#.#
#...# #@#.#..# #...#
#.#.. .#{ #...# #.#.## #
.....# #.... ###...#
###.# #...# .# #####


You could see a killer bee.

Vanquished Creatures
  A hound (D:2)
  An adder (D:2)
  A worm (D:2)
  2 dart slugs (D:2)
  2 ball pythons
  7 endoplasms
  4 giant cockroaches
  3 goblins (D:1)
  4 hobgoblins
  3 jackals (D:2)
  3 quokkas
  4 bats
  4 frilled lizards
  5 kobolds
  7 rats
51 creatures vanquished.

Notes
Turn   | Place    | Note
-------+----------+-------------------------------------------
     0 | D:1      | AarnesTheHuman the Formicid Fighter began the quest for the
                  | Orb.
     0 | D:1      | Reached XP level 1. HP: 18/18 MP: 1/1
   246 | D:1      | Reached XP level 2. HP: 18/24 MP: 2/2
   757 | D:1      | Reached XP level 3. HP: 29/29 MP: 3/3
  1241 | D:2      | Reached XP level 4. HP: 12/37 MP: 0/4
  1484 | D:2      | Found an opulent altar of Gozag.
  1711 | D:2      | Found a faded altar of an unknown god.
  1918 | D:2      | Found a runed translucent door.
  1919 | D:2      | Noticed Crazy Yiuf
  1952 | D:3      | Found a blossoming altar of Fedhas.
  1965 | D:2      | Reached XP level 5. HP: 42/42 MP: 5/5
  2009 | D:3      | You fall into a shaft and drop 2 floors!
  2009 | D:5      | Entered Level 5 of the Dungeon
  2053 | D:5      | Slain by a killer bee

Illustrated notes

Levels and vault maps discovered:
D:1:      dpeg_arrival_tiny_f, layout_basic,
          hangedman_abyss_or_decor_lesser_grid, kennysheep_doodads
D:2:      layout_loops_cross, shapermc_ecumenical_altar_pompeii, basic_altar,
          amcnicky_mini_pool_small, uniq_crazy_yiuf_cottage
D:3:      layout_rooms, old_standard_altar, ebering_ghost_reflecting_pool
D:5:      layout_basic, minmay_temple_entry_purple_smoke,
          minmay_misc_feat_nine_boxes, serial_bayou_crossing

Skill      XL: |  1  2  3  4 |
---------------+-------------+-----
Shields        | 4 |  4.4
Armour         | 4 |  4.1
Fighting       | 4 |  4.1
Long Blades    | |  2.8

Action                   |  1- 3 |  4- 6 || total
-------------------------+-------+-------++-------
Melee: Long sword        |   114 |    58 ||   172
Armor: Scale mail        |    65 |    27 ||    92
Dodge: Dodged            |    65 |    41 ||   106
       Repelled          |     1 |       ||     1
Block: Buckler           |    42 |    18 ||    60

Table legend: (Time is in decaauts)
 A = Elapsed time spent in this place.
 B = Non-inter-level travel time spent in this place.
 C = Inter-level travel time spent in this place.
 D = Time resting spent in this place.
 E = Time spent auto-exploring this place.
 F = Levels seen in this place.
 G = Mean time per level.
                   A        B        C        D        E       F      G
               +--------+--------+--------+--------+--------+-----+--------+
         Total |   2103 |   2028 |     75 |    200 |   1307 |   4 |  525.8 |
       Dungeon |   2103 |   2028 |     75 |    200 |   1307 |   4 |  525.8 |
               +--------+--------+--------+--------+--------+-----+--------+

Top non-repeatable levels by time:
     D:1: 1071 daAuts
     D:2: 949 daAuts
     D:5: 45 daAuts
     D:3: 37 daAuts
